 Dungeon Crawl Stone Soup version 0.18.1-50-g88ac8fd (webtiles) character file.

2945 Rhaelyrin the Destroyer (level 9, -3/49 HPs)
             Began as a Gargoyle Earth Elementalist on Sept 24, 2016.
             Was a Follower of Vehumet.
             Slain by an orc warrior
             ... wielding a +0 hand axe
              (21 damage)
             ... in a bailey.
             The game lasted 00:36:16 (9525 turns).

Rhaelyrin the Destroyer (GrEE)                      Turns: 9525, Time: 00:36:17

Health: -3/49      AC: 19    Str: 11    XL:     9   Next: 80%
Magic:  11/17      EV: 10    Int: 20    God:    Vehumet [*.....]
Gold:   244        SH:  0    Dex: 10    Spells: 2 memorised, 15 levels left

rFire  + . .     SeeInvis .     q - +3 spear (pierce)
rCold  . . .     Gourm    .     N - +0 ring mail
rNeg   + . .     Faith    .     (no shield)
rPois  ∞         Spirit   .     e - +2 hat
rElec  +         Dismiss  .     A - +2 cloak
rCorr  .         Reflect  .     P - +2 pair of gloves
SustAt .         Harm     .     (no boots)
MR     .....                    i - amulet of magic regeneration
Stlth  +.........               (no ring)
                                t - ring of protection from fire

@: marked, not resistant to hostile enchantments, very unstealthy
A: negative energy resistance 1, electricity resistance, unbreathing,
petrification resistance, rot immunity, AC +5
a: Renounce Religion


You were in a bailey.
You worshipped Vehumet.
Vehumet was aware of your devotion.
You were hungry.

You visited 2 branches of the dungeon, and saw 9 of its levels.
You also visited: Bailey.

You collected 359 gold pieces.
You spent 115 gold pieces at shops.

Inventory:

Hand Weapons
 q - a +3 spear of piercing (weapon)
 y - a +1 dagger of venom
 L - a +0 quarterstaff
Missiles
 b - 166 stones (quivered)
Armour
 e - a +2 hat (worn)
 x - a +0 helmet
 A - a +2 cloak (worn)
 N - a +0 ring mail (worn)
 P - a +2 pair of gloves (worn)
Magical Staves
 p - an uncursed staff of wizardry {unknown}
 z - an uncursed staff of cold {unknown}
Jewellery
 i - an amulet of magic regeneration (around neck)
 t - a ring of protection from fire (left hand)
 K - a +5 amulet of reflection
Wands
 n - a wand of polymorph (15/24)
 C - a wand of confusion (33/48)
 D - a wand of paralysis (15/24)
 O - a wand of random effects (48/48)
Scrolls
 h - 2 scrolls of remove curse
 k - a scroll of amnesia
 u - a scroll of enchant armour
 w - 6 scrolls of identify
Potions
 a - 5 potions of curing
 f - 2 potions of resistance {unknown}
 j - 2 potions of mutation
 m - a potion of brilliance
 o - a potion of lignification {unknown}
 s - 3 potions of heal wounds {unknown}
 v - 2 potions of cure mutation {unknown}
 G - a potion of might {unknown}
 J - a potion of magic
 R - a potion of degeneration {unknown}
Books
 c - a book of Geomancy

   Spells                             Type                      Level
   a - Sandblast                      Earth                        1
   b - Passwall                       Transmutation/Earth          2
   c - Stone Arrow                    Conjuration/Earth            3
   d - Petrify                        Transmutation/Earth          4
   e - Lee's Rapid Deconstruction     Earth                        5
 l - Sif Muna's Catalogue of the Compass
   (You found it on level 6 of the Dungeon)

   Spells                             Type                      Level
   a - Apportation                    Translocation                1
 r - a book of Summonings

   Spells                             Type                      Level
   a - Recall                         Summoning/Translocation      3
   b - Aura of Abjuration             Summoning                    5
   c - Summon Demon                   Summoning                    5
   d - Summon Forest                  Summoning/Translocation      5
   e - Summon Mana Viper              Hexes/Summoning              5
   f - Shadow Creatures               Summoning                    6
Comestibles
 d - 8 bread rations
 g - a royal jelly
 B - 4 fruits
 E - 3 chunks of flesh
 I - 4 meat rations
 M - 2 beef jerkies


   Skills:
 + Level 2.3 Fighting
 + Level 2.7 Armour
 + Level 2.2 Dodging
 - Level 2.1 Stealth
 - Level 5.6 Spellcasting
 - Level 11.4 Conjurations
   Level 0.7 Transmutations
 * Level 1.1 Fire Magic
 - Level 5.0 Earth Magic


You had 15 spell levels left.
You knew the following spells:

 Your Spells              Type           Power        Failure   Level  Hunger
a - Flame Tongue          Conj/Fire      ####.        1%          1    None
b - Stone Arrow           Conj/Erth      #####.       2%          3    ##.....


Dungeon Overview and Level Annotations

Branches:
Dungeon (8/15)             Temple (1/1) D:6
   Lair: D:8-11

Altars:
Ashenzari
Cheibriados
Dithmenos
Elyvilon
Fedhas
Gozag
Kikubaaqudgha
Makhleb
Nemelex Xobeh
Okawaru
Pakellas
Qazlal
Ru
Sif Muna
Trog
Vehumet
Xom
Yredelemnul
Zin
The Shining One

Shops:
D:4 !


Innate Abilities, Weirdness & Mutations

You are resistant to torment.
Your stone body is resilient (AC +5).
You are immune to poison.
You resist negative energy.
You are resistant to electric shocks.
You can survive without breathing.
You are immune to petrification.
You are immune to rotting.


Message History

Press: ? - help, Shift-Dir - straight line, f/p - orc
Aim: an orc, wielding a war axe and wearing a leather armour (moderately wounded, unusually strong)
The flame tongue hits the orc.
You kill the orc!
Vehumet accepts your kill.
The orc knight roars a battlecry!
The orc warrior goes into a battle-frenzy!
The orc knight completely misses you.
An orc warrior comes into view. It is wielding a war axe.
A goblin comes into view. It is wielding a hand axe.
The orc warrior hits you with a hand axe.
The orc knight hits you but does no damage.
Things that are here:
a war axe; a leather armour; an orc corpse An orc warrior comes into view.
It is wielding a war axe.
The orc warrior no longer looks unusually strong.
The orc knight roars a battlecry!
The orc warrior goes into a battle-frenzy!
The orc warrior hits you with a hand axe!!
You die...

▓▓▓▓▓
▓.∩.▓
▓oo.▓
▓@o.▓
##o##
(≈g≈K
##≈.≈##
(≈o≈(
##≈g≈##
K≈.≈K
#≈o≈#


You could see 2 orc knights, 3 orc warriors, an orc, 2 goblins and 2 kobolds.

Vanquished Creatures
  Sigmund (D:3)
  A spriggan (D:7)
  A hippogriff (D:7)
  An ice beast (D:6)
  An orc warrior (D:6)
  4 sky beasts
  A phantom (D:7)
  An ogre (D:7)
  A centaur (D:5)
  The ghost of theElss the Conjurer, an amateur HECj (D:3)
  2 gnoll sergeants (D:5)
  4 giant frogs
  4 scorpions
  4 hounds
  3 orc priests
  6 orc wizards
  4 iguanas
  5 worker ants
  Robin (D:3)
  17 gnolls
  10 adders
  A shadow imp (D:6)
  2 oozes
  4 worms
  4 dart slugs
  6 giant geckos
  18 orcs
  6 bats
  6 giant cockroaches
  12 goblins
  10 hobgoblins
  15 jackals
  A quokka (D:7)
  2 ball pythons
  A ball python zombie (D:6)
  A giant gecko skeleton (D:4)
  9 giant newts
  10 kobolds
  4 quokka skeletons
  2 quokka zombies
  7 rats
194 creatures vanquished.

Notes
Turn   | Place    | Note
--------------------------------------------------------------
     0 | D:1      | Rhaelyrin the Gargoyle Earth Elementalist began the quest for the Orb.
     0 | D:1      | Reached XP level 1. HP: 10/10 MP: 3/3
   272 | D:1      | Reached XP level 2. HP: 6/15 MP: 1/5
   968 | D:1      | Reached skill level 5 in Earth Magic
   968 | D:1      | Reached XP level 3. HP: 19/19 MP: 6/6
   973 | D:1      | Learned a level 3 spell: Stone Arrow
  1370 | D:2      | Reached skill level 1 in Conjurations
  1484 | D:2      | Found a sacrificial altar of Ru.
  1484 | D:2      | Found an ancient bone altar of Kikubaaqudgha.
  1658 | D:2      | Found a faded altar to an unknown god.
  1686 | D:2      | Found a shadowy altar of Dithmenos.
  1730 | D:2      | Reached skill level 2 in Conjurations
  1864 | D:2      | Reached XP level 4. HP: 24/24 MP: 4/7
  1869 | D:2      | Reached skill level 3 in Conjurations
  2440 | D:3      | Noticed Robin
  2456 | D:2      | Reached XP level 5. HP: 18/28 MP: 2/8
  2623 | D:3      | Killed Robin
  2623 | D:3      | Reached skill level 4 in Conjurations
  2820 | D:3      | Found a blossoming altar of Fedhas.
  2831 | D:3      | Noticed theElss's ghost (amateur HECj)
  2856 | D:3      | Killed theElss's ghost
  2856 | D:3      | Reached skill level 5 in Conjurations
  3232 | D:3      | Reached XP level 6. HP: 32/32 MP: 9/9
  3430 | D:3      | Noticed Sigmund
  3828 | D:3      | Killed Sigmund
  3828 | D:3      | Reached skill level 7 in Conjurations
  3828 | D:3      | Reached XP level 7. HP: 31/36 MP: 4/10
  4201 | D:4      | Found an oddly glowing altar of Pakellas.
  4450 | D:4      | Found a snail-covered altar of Cheibriados.
  4591 | D:4      | Found Vexkinyw's Distillery.
  4599 | D:4      | Bought a potion of mutation for 27 gold pieces
  4599 | D:4      | Bought a potion of magic for 88 gold pieces
  4966 | D:5      | Entered Level 5 of the Dungeon
  5187 | D:5      | Reached skill level 8 in Conjurations
  5316 | D:5      | Reached XP level 8. HP: 41/41 MP: 5/12
  5404 | D:5      | Found a glowing golden altar of the Shining One.
  5557 | D:5      | Reached skill level 9 in Conjurations
  5648 | D:5      | Found a stormy altar of Qazlal.
  6349 | D:5      | Reached skill level 10 in Conjurations
  6853 | D:6      | Found a staircase to the Ecumenical Temple.
  6862 | Temple   | Entered the Ecumenical Temple
  6891 | Temple   | Became a worshipper of Vehumet
  7100 | D:6      | Reached XP level 9. HP: 34/45 MP: 16/16
  7128 | D:6      | Reached skill level 5 in Spellcasting
  7954 | D:6      | Reached skill level 1 in Fighting
  7954 | D:6      | Reached skill level 1 in Armour
  8018 | D:6      | Found a deep blue altar of Sif Muna.
  8079 | D:6      | Identified Sif Muna's Catalogue of the Compass
  8526 | D:7      | Reached skill level 11 in Conjurations
  9201 | D:7      | Reached * piety under Vehumet
  9201 | D:7      | Offered knowledge of Flame Tongue by Vehumet.
  9204 | D:7      | Learned a level 1 spell: Flame Tongue
  9425 | D:8      | Reached skill level 1 in Fire Magic
  9478 | D:8      | Found a flagged portal.
  9495 | Bailey   | Entered a bailey
  9512 | Bailey   | Noticed an orc knight
  9516 | Bailey   | Noticed an orc knight
  9525 | Bailey   | Slain by an orc warrior

Skill      XL: |  1  2  3  4  5  6  7  8  9 |
---------------+----------------------------+-----
Earth Magic    | 4 5 |  5.0
Conjurations   | 2 3 5 7 8 10 11 | 11.4
Spellcasting   | 3 4 5 |  5.6
Fighting       | 2 |  2.3
Armour         | 2 |  2.7
Dodging        | 2 |  2.2
Fire Magic     | 1 |  1.1
Stealth        | |  2.1
Transmutations | |  0.7

Action                   |  1- 3 |  4- 6 |  7- 9 || total
-------------------------+-------+-------+-------++-------
Melee: Club              |   104 |       |       ||   104
       Spear             |    44 |    79 |   120 ||   243
       Dagger            |       |    77 |   263 ||   340
 Cast: Sandblast         |    37 |    38 |    74 ||   149
       Stone Arrow       |       |       |    18 ||    18
       Flame Tongue      |       |       |    31 ||    31
  Use: Potion            |       |     2 |       ||     2
       Scroll            |       |       |    14 ||    14
 Stab: Sleeping          |     2 |     3 |     3 ||     8
  Eat: Chunk             |     3 |     8 |    17 ||    28
       Pizza             |       |       |     1 ||     1
Armor: Robe              |    92 |       |       ||    92
       Leather armour    |       |    89 |    95 ||   184
       Ring mail         |       |       |   154 ||   154
Dodge: Dodged            |   154 |   109 |   237 ||   500
